 Dungeon Crawl Stone Soup version 0.28-a0-1560-g060a6a1bfc (webtiles) character file.

Game seed: 13672545630925043852

266056 Cheeritup the Peltast (level 20, -3/166 HPs)
             Began as a Formicid Fighter on Jan 13, 2022.
             Was a High Priest of the Shining One.
             Killed from afar by an ironbound thunderhulk (29 damage)
             ... with a bolt of lightning
             ... led by a vault warden
             ... on level 2 of the Vaults on Jan 19, 2022.
             The game lasted 02:45:47 (47771 turns).

Cheeritup the Peltast (Formicid Fighter)           Turns: 47771, Time: 02:45:47

Health: -3/166     AC: 40    Str: 32    XL:     20   Next: 92%
Magic:  20/31      EV: 10    Int: 13    God:    the Shining One [*****.]
Gold:   2687       SH: 23    Dex: 14    Spells: 19/19 levels left

rFire   . . .      SeeInvis +   P - +3 eveningstar (freeze)
rCold   + . .      Faith    +   S - +2 tower shield {rC+}
rNeg    + + +      Spirit   .   T - +13 pearl dragon scales of Immorality {Fly rN+ rCorr Str+4}
rPois   .          Reflect  .   (helmet unavailable)
rElec   .          Harm     .   x - +0 cloak
rCorr   +          Rampage  +   G - +1 pair of gloves "Dannyr" {Rampage rN+ Int+3}
Will    ++...                   k - +2 pair of boots
Stlth   ..........              h - amulet of faith
HPRegen 0.37/turn               L - +6 ring of strength
MPRegen 0.22/turn               e - +4 ring of slaying

@: flying, glowing, studying 2 skills
A: permanent stasis, dig shafts and tunnels, antennae 3, four strong arms, weak
1
}: 2/15 runes: decaying, gossamer
a: Dig, Shaft Self, Renounce Religion, Divine Shield, Cleansing Flame, Summon
Divine Warrior


You were on level 2 of the Vaults.
You worshipped the Shining One.
The Shining One was extremely pleased with you.
You visited 7 branches of the dungeon, and saw 34 of its levels.
You also visited: Ossuary, Gauntlet and Ice Cave.

You collected 3429 gold pieces.
You spent 742 gold pieces at shops.

Inventory:

Hand Weapons
 a - a +7 morningstar
 b - a +0 hunting sling
 P - a +3 eveningstar of freezing (weapon)
 U - a +2 great mace
Missiles
 c - 8 throwing nets
 l - 6 datura-tipped darts
 v - 215 sling bullets
 Z - 9 curare-tipped darts
Armour
 g - a +1 pair of boots of rampaging
 k - a +2 pair of boots (worn)
 p - the +6 chain mail of the Shoals {rElec rPois}
   (You found it on level 3 of the Swamp)

   rElec:     It insulates you from electricity.
   rPois:     It protects you from poison.
 u - a +0 kite shield of reflection
 x - a +0 cloak (worn)
 G - the +1 pair of gloves "Dannyr" (worn) {Rampage rN+ Int+3}
   (You bought it in a shop on level 11 of the Dungeon)

   Int:       It affects your intelligence (+3).
   rN:        It protects you from negative energy.
   Rampage:   It bestows one free step when moving towards enemies.
 O - a +0 plate armour of cold resistance
 S - a +2 tower shield of cold resistance (worn)
 T - the +13 pearl dragon scales of Immorality (worn) {Fly rN+ rCorr Str+4}
   (You took it off a minotaur in a Gauntlet)

   Str:       It affects your strength (+4).
   rN:        It protects you from negative energy.
   Fly:       It grants you flight.
   rCorr:     It protects you from acid and corrosion.
Magical Staves
 F - a staff of cold
Jewellery
 e - a +4 ring of slaying (right hand)
 h - an amulet of faith (around neck)
 s - a +6 ring of intelligence
 y - a ring of resist corrosion
 A - a +6 ring of strength
 H - a ring of protection from cold
 I - a ring of ice
 J - a ring of protection from fire
 L - a +6 ring of strength (left hand)
 Y - a ring of protection from fire
Wands
 m - a wand of polymorph (18)
 n - a wand of paralysis (21)
 q - a wand of flame (82)
 B - a wand of iceblast (2)
 C - a wand of charming (15)
 Q - a wand of acid (19)
 R - a wand of mindburst (26)
Scrolls
 i - 5 scrolls of magic mapping
 r - 7 scrolls of fear
 E - 7 scrolls of fog
 K - 10 scrolls of identify
 M - 2 scrolls of holy word
 X - 2 scrolls of enchant armour
Potions
 d - 3 potions of might
 j - 8 potions of ambrosia
 w - 5 potions of mutation
 z - a potion of heal wounds
 N - 5 potions of curing
 V - a potion of resistance
 W - 2 potions of brilliance
Miscellaneous
 f - a lightning rod (4/4)
 o - a lightning rod (4/4)
 t - a tin of tremorstones (2/2)


   Skills:
 + Level 16.4 Fighting
 - Level 15.8(16.0) Maces & Flails
 - Level 3.7(11.0) Staves
 - Level 5.0 Slings
 + Level 20.2 Armour
 - Level 1.0 Dodging
 + Level 20.3 Shields
 - Level 2.0 Ice Magic
 + Level 15.5 Invocations
 - Level 6.0 Evocations


You had 19 spell levels left.
You didn't know any spells.
Your spell library contained the following spells:

 Spells                   Type           Power      Damage    Failure   Level
 Animate Skeleton         Necr           0%         N/A       65%         1
 Apportation              Tloc           0%         N/A       65%         1
 Pain                     Necr           0%         1d4       65%         1
 Shock                    Conj/Air       0%         1d3       65%         1
 Summon Small Mammal      Summ           0%         N/A       65%         1
 Ensorcelled Hibernation  Hex/Ice        4%         N/A       65%         2
 Ozocubu's Armour         Ice            5%         N/A       75%         3
 Passwall                 Tmut/Erth      0%         N/A       78%         2
 Call Canine Familiar     Summ           0%         N/A       95%         3
 Gell's Gravitas          Tloc           0%         N/A       95%         3
 Inner Flame              Hex/Fire       0%         N/A       95%         3
 Lesser Beckoning         Tloc           0%         N/A       95%         3
 Summon Guardian Golem    Hex/Summ       0%         N/A       95%         3
 Teleport Other           Tloc           0%         N/A       95%         3
 Tukima's Dance           Hex            0%         N/A       95%         3
 Vampiric Draining        Necr           0%         2d6       95%         3
 Airstrike                Air            0%         N/A       100%        4
 Cause Fear               Hex            0%         N/A       100%        4
 Fulminant Prism          Conj/Hex       0%         3d6       100%        4
 Iskenderun's Mystic Bla  Conj/Tloc      0%         2d3       100%        4
 Passage of Golubria      Tloc           0%         N/A       100%        4
 Alistair's Intoxication  Tmut/Pois      0%         N/A       100%        5
 Fireball                 Conj/Fire      0%         3d3       100%        5
 Lee's Rapid Deconstruct  Erth           0%         3d5*      100%        5
 Manifold Assault         Tloc           0%         N/A       100%        5
 Metabolic Englaciation   Hex/Ice        1%         N/A       100%        5
 Summon Forest            Summ/Tloc      0%         N/A       100%        5
 Summon Mana Viper        Hex/Summ       0%         N/A       100%        5
 Yara's Violent Unravell  Hex/Tmut       0%         3d3       100%        5
 Dispersal                Tloc           0%         N/A       100%        6
 Simulacrum               Ice/Necr       1%         N/A       100%        6
 Starburst                Conj/Fire      0%         6d3       100%        6
 Summon Cactus Giant      Summ           0%         N/A       100%        6
 Discord                  Hex            0%         N/A       100%        8
 Disjunction              Tloc           0%         N/A       100%        8
 Ignition                 Fire           0%         3d3       100%        8
 Chain Lightning          Conj/Air       0%         N/A       100%        9
 Fire Storm               Conj/Fire      0%         5d1       100%        9
 Shatter                  Erth           0%         3d5*      100%        9
 Blink                    Tloc           Unusable   N/A       N/A         2
 Swiftness                Air            Unusable   N/A       N/A         3

Dungeon Overview and Level Annotations

Branches:
Dungeon (15/15)            Temple (1/1) D:4            Lair (6/6) D:8
  Swamp (4/4) Lair:2       Spider (4/4) Lair:2        Slime (0/5) Lair:6
    Orc (2/2) D:11            Elf (0/3) Orc:2        Vaults (2/5) D:14
 Depths (0/4) D:15        Ossuary (visited)           IceCv (visited)
Gauntlet (visited)
  Crypt: Vaults:2-3

Altars:
Ashenzari
Cheibriados
Dithmenos
Elyvilon
Fedhas
Gozag
Hepliaklqana
Kikubaaqudgha
Makhleb
Nemelex Xobeh
Okawaru
Qazlal
Ru
Sif Muna
Trog
Uskayaw
Vehumet
Wu Jian
Xom
Yredelemnul
Zin
The Shining One
Beogh

Shops:
D:4 !   D:11 [   Orc:2 !([*((

Portals:
Abyss: Swamp:2

Annotations:
Lair:3 exclusion: ice statue


Innate Abilities, Weirdness & Mutations

You cannot be hasted, slowed, berserked, paralysed or teleported.
You can dig through walls and to a lower floor.
You have a pair of large antennae on your head. (SInv)
Your four strong arms can wield two-handed weapons with a shield.
You are weak. (Str -2)


Message History

You block the vault guard's attack.
Electricity crackles from the ironbound thunderhulk's apparatus.
The bolt of lightning hits you!!
Your daeva hits the yaktaur with a +5 eudemon blade of holy wrath!! x2
The yaktaur dies!
Your daeva hits the vault guard with a +5 eudemon blade of holy wrath!! x2
Your daeva blocks the ettin's attack.
The ettin hits your daeva with a +0 dire flail!!
The ironbound convoker gestures at the ironbound thunderhulk while chanting.
The ironbound thunderhulk seems to grow stronger.
Your daeva hits the ettin with a +5 eudemon blade of holy wrath!!
Your daeva hits the ettin with a +5 eudemon blade of holy wrath!
The vault warden activates a sealing rune.
The doors slam shut!
The ironbound convoker casts a spell at the vault guard.
The vault guard seems to grow stronger.
Your daeva calls down the wrath of the Shining One upon the ettin.
The ettin is smitten.
The ironbound convoker casts a spell at the ironbound convoker.
The ironbound convoker seems to grow stronger.
Electricity crackles from the ironbound thunderhulk's apparatus.
The bolt of lightning hits you!
Your daeva hits the ettin with a +5 eudemon blade of holy wrath!!
Your daeva barely misses the ettin.
You puncture the vault guard! You freeze the vault guard.
You kill the vault guard!
Your daeva blocks the ettin's attack.
The ettin hits your daeva with a +0 dire flail!!!
Your daeva calls down the wrath of the Shining One upon the ettin.
The ettin is smitten.
Electricity crackles from the ironbound thunderhulk's apparatus.
The bolt of lightning hits you!!!
* * * LOW HITPOINT WARNING * * *
Your daeva blocks the ettin's attack.
The ettin hits your daeva with a +0 dire flail!!!
Your daeva dies!
Your daeva dissolves into sparkling lights!
Electricity crackles from the ironbound thunderhulk's apparatus.
The bolt of lightning hits you!!
You die...

###################
..................#
..................#
..........###.....#
.....###..#.#.....###############
....##.##.#.+.....+.#....^#.....#
...##...###.#...@.#...##....##...
..##..<..#.##.....#..)..##....##.
.##.#..<..##......+..#..)..#.....
.#.###...##.....p)###############
.#.# ##.##......pC#
.#.#..###.......p.#
.###...........pOp#
.?...########.....#
.....#......#.....#


You could see a vault warden, an ironbound thunderhulk (strong), 2 vault guards,
an ettin (strong, unaware) and 2 ironbound convokers.

Vanquished Creatures
  A bone dragon (Vaults:2)
  Nikola (Spider:1)
  The ghost of Jiad Xun the Warrior, an adept MiBe of Trog (Swamp:2)
  Donald (Swamp:4)
  A thorn hunter (Swamp:2)
  4 orc warlords
  5 ghost moths
  7 emperor scorpions
  The ghost of Qigyir the Severer, a journeyman HOMo of Beogh (Swamp:3)
  3 vault wardens
  3 ironbound preservers
  A war gargoyle (Vaults:1)
  A reaper (IceCv)
  A broodmother (Spider:1)
  4 ironbound thunderhulks
  5 entropy weavers
  8 dire elephants (Vaults:1)
  A minotaur (Gauntlet)
  4 eleionomae
  5 bunyips
  2 spark wasps
  An ettin (D:14)
  5 yaktaur captains
  A deep elf death mage (Vaults:1)
  Harold (D:8)
  A great orb of eyes (Swamp:2)
  3 vault guards
  4 ghost crabs
  16 hydras
  A peacekeeper (Vaults:1)
  4 ice dragons
  A jorogumo (Spider:2)
  4 boulder beetles
  10 centaur warriors
  2 catoblepae
  2 ironbound frosthearts
  4 alligators
  2 radroaches
  5 death yaks (Lair:6)
  2 two-headed ogres
  2 tengu warriors
  A hell hog (Swamp:2)
  Sonja (Orc:2)
  A hell knight (Vaults:1)
  3 pharaoh ants
  10 skeletal warriors
  A glowing orange brain (Swamp:2)
  A goliath frog (Swamp:1)
  3 steelbarb worms
  7 deep trolls
  2 spriggan druids
  2 swamp dragons
  6 orb spiders
  3 bog bodies
  4 ironbound convokers
  A swamp dragon (shapeshifter) (D:12)
  5 wizards
  2 lindwurms
  A fenstrider witch simulacrum (Swamp:3)
  A spectral hydra (Swamp:3)
  A phantasmal warrior (D:14)
  3 deep elf pyromancers
  A deep elf zephyrmancer (D:12)
  5 orc sorcerers
  A moth of wrath (Spider:2)
  A moth of wrath (shapeshifter) (D:12)
  7 orc knights
  16 wolf spiders
  7 cyclopes
  11 ugly things
  5 oklob plants
  2 manticores
  2 will-o-the-wisps
  11 elephants (Lair:6)
  An ice statue (IceCv)
  2 black mambas
  6 vault sentinels
  A black mamba (shapeshifter) (D:12)
  2 molten gargoyles (Gauntlet)
  3 torpor snails
  15 cane toads
  5 gargoyles
  5 demonic crawlers
  3 kobold demonologists
  An unseen horror (D:13)
  6 rime drakes
  2 tengu conjurers (D:12)
  18 yaktaurs
  6 freezing wraiths
  3 efreet
  8 komodo dragons
  An entropy weaver simulacrum (IceCv)
  An ice devil (IceCv)
  3 trolls
  11 hornets
  21 meliai
  A queen bee (Lair:5)
  8 tyrant leeches
  10 polar bears
  32 tarantellas
  14 slime creatures
  2 dream sheep (D:10)
  13 blink frogs
  21 jumping spiders
  18 spriggans
  15 culicivoras
  5 wyverns
  A dire elephant simulacrum (IceCv)
  A centaur simulacrum (D:12)
  2 shadows
  2 wraiths
  34 yaks
  2 fire bats (Lair:6)
  7 basilisks
  14 vampire mosquitoes
  A redback simulacrum (D:15)
  5 steam dragons
  3 swamp worm simulacra (Swamp:4)
  2 death yak simulacra
  48 redbacks
  Menkaure (D:5)
  3 wargs
  23 swamp worms
  An acid dragon (D:12)
  5 water moccasins
  17 hydra simulacra
  6 black bears
  22 orc warriors
  2 necrophages
  2 sky beasts
  4 ice beasts
  A hornet zombie (D:8)
  5 boggarts
  32 wolves
  5 ogres
  4 centaurs
  2 phantoms
  3 kobold brigands (D:10)
  An elf zombie (Ossuary)
  A gnoll sergeant (D:6)
  A wyvern zombie (D:7)
  5 cane toad simulacra
  4 two-headed ogre simulacra
  14 bullfrogs
  6 scorpions
  The ghost of Ijustatesigmund the Chopper, a weakling HOFi (D:6)
  26 killer bees
  An elephant simulacrum (IceCv)
  14 wights
  12 electric eels
  6 howler monkeys
  A lava snake (Lair:6)
  2 bullfrog zombies
  A human zombie (Ossuary)
  6 centaur zombies
  5 hounds
  4 jellies
  20 orc priests
  2 bullfrog skeletons (D:5)
  Natasha (thrice) (D:2)
  Crazy Yiuf (D:5)
  3 iguanas
  23 orc wizards
  6 troll simulacra
  6 spriggan simulacra
  3 polar bear simulacra (IceCv)
  A killer bee zombie (D:6)
  2 wolf simulacra (IceCv)
  2 hound zombies (Ossuary)
  3 mummies (Ossuary)
  2 howler monkey zombies
  Robin (D:2)
  11 gnolls
  15 adders
  10 naga simulacra
  3 shadow imps (D:8)
  8 white imps
  5 swamp drake simulacra (Swamp:4)
  8 ufetubi
  4 adder zombies (Ossuary)
  A worm (D:5)
  A dart slug (D:3)
  67 orcs
  8 endoplasms
  4 giant cockroaches
  2 gnoll zombies (Ossuary)
  16 goblins
  11 hobgoblins
  5 jackals
  4 quokkas
  6 ball pythons
  9 bats
  6 frilled lizards
  4 goblin zombies (Ossuary)
  5 hobgoblin zombies (Ossuary)
  2 jackal zombies (Ossuary)
  11 kobolds
  5 kobold zombies (Ossuary)
  2 orc zombies (Ossuary)
  2 quokka zombies (Ossuary)
  3 rats
  4 rat zombies (Ossuary)
1213 creatures vanquished.

Vanquished Creatures (collateral kills)
  Arachne (Spider:2)
  A tentacled monstrosity (Swamp:2)
  2 vault wardens (Vaults:2)
  An emperor scorpion (Spider:4)
  A cacodemon (Swamp:2)
  2 ghost moths (Spider:4)
  A deep elf death mage (Vaults:2)
  A spark wasp (Spider:3)
  A fire dragon (D:15)
  An ice dragon (shapeshifter) (Gauntlet)
  A shambling mangrove (Swamp:2)
  4 vault guards
  A boulder beetle (Spider:2)
  2 centaur warriors (Vaults:1)
  An ironbound frostheart (Vaults:2)
  A hydra (Swamp:2)
  A two-headed ogre (D:10)
  A hell hog (Swamp:2)
  2 alligators (Swamp:2)
  An orc high priest (D:13)
  2 pharaoh ants
  A goliath frog (Swamp:2)
  A steelbarb worm (Spider:2)
  A deep troll (Vaults:1)
  A spriggan druid (Swamp:2)
  8 orb spiders
  A bog body (Swamp:2)
  A necromancer (Vaults:2)
  4 orc knights
  A swamp dragon (shapeshifter) (Gauntlet)
  2 ugly things (Vaults:2)
  6 wolf spiders
  A cyclops (D:10)
  An apocalypse crab (Swamp:2)
  3 vault sentinels (Vaults:2)
  3 demonic crawlers
  2 yaktaurs
  6 meliai
  7 tarantellas
  A snapping turtle (shapeshifter) (Gauntlet)
  2 hornets (Swamp:2)
  3 culicivoras (Spider:3)
  7 jumping spiders
  A spriggan (Swamp:2)
  9 vampire mosquitoes
  25 redbacks
  2 swamp worms
  An acid dragon (D:10)
  An orc (D:13)
131 creatures vanquished.

Vanquished Creatures (others)
  A bloated husk (Swamp:2)
  2 tyrant leeches
  A redback (Spider:4)
  2 swamp worms
  A briar patch (Swamp:2)
  8 foxfires
  30 fungi
  85 plants
130 creatures vanquished.

Grand Total: 1474 creatures vanquished

Notes
Turn   | Place    | Note
-------+----------+-------------------------------------------
     0 | D:1      | Cheeritup the Formicid Fighter began the quest for the Orb.
     0 | D:1      | Reached XP level 1. HP: 18/18 MP: 1/1
   143 | D:1      | Reached XP level 2. HP: 7/24 MP: 2/2
   802 | D:1      | Reached XP level 3. HP: 30/30 MP: 3/3
  1225 | D:2      | Reached XP level 4. HP: 36/37 MP: 4/4
  1280 | D:2      | Noticed Robin
  1290 | D:2      | Killed Robin
  1531 | D:2      | Reached XP level 5. HP: 42/42 MP: 5/5
  1545 | D:2      | Noticed Natasha
  1556 | D:2      | Killed Natasha
  1679 | D:2      | Noticed Natasha
  1690 | D:2      | Killed Natasha
  1691 | D:2      | Reached skill level 5 in Shields
  1706 | D:2      | Noticed Natasha
  1726 | D:2      | Killed Natasha
  2104 | D:2      | Found a faded altar of an unknown god.
  2247 | D:3      | Reached XP level 6. HP: 46/50 MP: 6/6
  2510 | D:3      | Reached skill level 5 in Fighting
  2510 | D:3      | Reached skill level 1 in Maces & Flails
  3424 | D:4      | Found Faurileb's Distillery.
  3435 | D:4      | Upgraded the game from 0.28-a0-1504-g839a4452db to
                  | 0.28-a0-1506-g3893175d92
  3443 | D:4      | Bought a potion of heal wounds for 55 gold pieces
  3619 | D:4      | Found a staircase to the Ecumenical Temple.
  3630 | D:4      | Reached XP level 7. HP: 56/56 MP: 7/7
  3634 | Temple   | Entered the Ecumenical Temple
  3898 | Temple   | Became a worshipper of the Shining One
  4708 | D:4      | Reached skill level 5 in Maces & Flails
  4838 | D:4      | Found a burning altar of Makhleb.
  5048 | D:5      | Entered Level 5 of the Dungeon
  5394 | D:5      | Reached XP level 8. HP: 62/62 MP: 8/8
  5407 | D:5      | Noticed Menkaure
  5412 | D:5      | Killed Menkaure
  5513 | D:5      | Reached * piety under the Shining One
  5522 | D:5      | Reached skill level 1 in Slings
  5522 | D:5      | Reached skill level 1 in Dodging
  5527 | D:5      | Reached skill level 1 in Invocations
  5527 | D:5      | Reached skill level 1 in Evocations
  5697 | D:5      | Found a runed translucent door.
  5698 | D:5      | Noticed Crazy Yiuf
  5703 | D:5      | Killed Crazy Yiuf
  6161 | D:6      | Reached XP level 9. HP: 69/69 MP: 9/11
  6641 | D:6      | Reached ** piety under the Shining One
  6865 | D:6      | Found a runed translucent door.
  6865 | D:6      | Noticed Ijustatesigmund's ghost (weakling HOFi)
  6880 | D:6      | Killed Ijustatesigmund's ghost
  7119 | D:7      | Found a sand-covered staircase.
  7134 | Ossuary  | Entered an ossuary
  7274 | Ossuary  | Reached *** piety under the Shining One
  7330 | Ossuary  | Reached skill level 5 in Invocations
  7365 | Ossuary  | Reached **** piety under the Shining One
  7419 | Ossuary  | Reached ***** piety under the Shining One
  7429 | Ossuary  | Reached XP level 10. HP: 79/79 MP: 13/13
  7551 | D:7      | Noticed a gargoyle
  7580 | D:7      | Killed a gargoyle
  8998 | D:8      | Found a transporter.
  9008 | D:8      | Noticed a kobold demonologist
  9009 | D:8      | Noticed an orc sorcerer
  9010 | D:8      | Noticed Harold
  9027 | D:8      | Killed Harold
  9160 | D:8      | Found a staircase to the Lair.
  9211 | D:8      | Found a transporter.
  9214 | D:8      | Noticed a kobold demonologist
  9214 | D:8      | Reached ****** piety under the Shining One
  9453 | D:9      | Reached XP level 11. HP: 79/87 MP: 17/17
  9720 | D:9      | Noticed a deep elf pyromancer
  9735 | D:9      | Killed a deep elf pyromancer
 10371 | D:9      | Reached skill level 10 in Shields
 10871 | D:10     | Entered Level 10 of the Dungeon
 11064 | D:10     | Noticed a two-headed ogre
 11067 | D:10     | Killed a two-headed ogre
 11068 | D:10     | Reached skill level 10 in Maces & Flails
 11187 | D:10     | Noticed a cyclops
 11194 | D:10     | Killed a cyclops
 11195 | D:10     | Reached skill level 10 in Fighting
 11745 | D:10     | Noticed a three-headed hydra
 11763 | D:10     | Killed a three-headed hydra
 12488 | D:11     | Noticed a skeletal warrior
 12488 | D:11     | Noticed a skeletal warrior
 12488 | D:11     | Noticed a skeletal warrior
 12488 | D:11     | Noticed a skeletal warrior
 12497 | D:11     | Killed a skeletal warrior
 12498 | D:11     | Reached XP level 12. HP: 48/97 MP: 9/18
 12517 | D:10     | Killed a skeletal warrior
 12857 | D:10     | Killed a skeletal warrior
 13214 | D:11     | Killed a skeletal warrior
 13255 | D:11     | Noticed a skeletal warrior
 13271 | D:11     | Killed a skeletal warrior
 13406 | D:11     | Noticed a seven-headed hydra
 13413 | D:11     | Killed a seven-headed hydra
 13697 | D:11     | Upgraded the game from 0.28-a0-1506-g3893175d92 to
                  | 0.28-a0-1510-gd0f6b136d3
 13862 | D:11     | Found a staircase to the Orcish Mines.
 14066 | D:11     | Noticed a two-headed ogre
 14077 | D:11     | Killed a two-headed ogre
 14233 | D:11     | Found Astup's Antique Armour Emporium.
 14250 | D:11     | Bought a glowing scarf for 232 gold pieces
 14250 | D:11     | Bought a pair of translucent gloves for 275 gold pieces
 14250 | D:11     | Identified the +1 pair of gloves "Dannyr" {Rampage rN+
                  | Int+3} (You bought it in a shop on level 11 of the Dungeon)
 14672 | Lair:1   | Entered Level 1 of the Lair of Beasts
 14875 | Lair:1   | Noticed a five-headed hydra
 14883 | Lair:1   | Killed a five-headed hydra
 16214 | Lair:2   | Reached skill level 5 in Armour
 16218 | Lair:2   | Reached XP level 13. HP: 53/103 MP: 16/19
 16548 | Lair:2   | Found a staircase to the Swamp.
 16940 | Lair:2   | Found a hole to the Spider Nest.
 19541 | Lair:4   | Reached skill level 10 in Invocations
 19592 | Lair:4   | Noticed a six-headed hydra
 19598 | Lair:4   | Killed a six-headed hydra
 20098 | Lair:4   | Reached skill level 15 in Maces & Flails
 20710 | Lair:5   | Noticed a seven-headed hydra
 20719 | Lair:5   | Killed a seven-headed hydra
 20769 | Lair:5   | Found a gate leading to a gauntlet.
 20789 | Gauntlet | Entered a Gauntlet
 20789 | Gauntlet | Found a transporter.
 20789 | Gauntlet | Found a transporter.
 21063 | Gauntlet | Found a transporter.
 21063 | Gauntlet | Found a transporter.
 21065 | Gauntlet | Found a large runed translucent door.
 21066 | Gauntlet | Found a large runed translucent door.
 21067 | Gauntlet | Found a large runed translucent door.
 21067 | Gauntlet | Found a large runed translucent door.
 21067 | Gauntlet | Found a runed translucent door.
 21067 | Gauntlet | Found a runed translucent door.
 21068 | Gauntlet | Found a large runed translucent door.
 21069 | Gauntlet | Found a large runed translucent door.
 21069 | Gauntlet | Found a large runed translucent door.
 21069 | Gauntlet | Found a large runed translucent door.
 21070 | Gauntlet | Found a large runed translucent door.
 21071 | Gauntlet | Found a large runed translucent door.
 21076 | Gauntlet | Found a transporter.
 21085 | Gauntlet | Noticed a catoblepas
 21116 | Gauntlet | Found a transporter.
 21136 | Gauntlet | Found a transporter.
 21146 | Gauntlet | Found a transporter.
 21164 | Gauntlet | Found a transporter.
 21178 | Gauntlet | Found a large runed translucent door.
 21230 | Gauntlet | Found a transporter.
 21245 | Gauntlet | Found a transporter.
 21261 | Gauntlet | Found a transporter.
 21274 | Gauntlet | Found a transporter.
 21276 | Gauntlet | Noticed a broodmother
 21290 | Gauntlet | Found a transporter.
 21364 | Gauntlet | Found a large runed translucent door.
 21365 | Gauntlet | Found a large runed translucent door.
 21365 | Gauntlet | Found a large runed translucent door.
 21366 | Gauntlet | Found a runed translucent gate.
 21367 | Gauntlet | Found a runed translucent gate.
 21368 | Gauntlet | Found a transporter.
 21369 | Gauntlet | Found a transporter.
 21377 | Gauntlet | Found a runed translucent gate.
 21378 | Gauntlet | Found a large runed translucent door.
 21378 | Gauntlet | Noticed a ghost crab
 21385 | Gauntlet | Noticed a bunyip
 21497 | Gauntlet | Reached XP level 14. HP: 85/110 MP: 19/21
 21636 | Gauntlet | Reached skill level 10 in Armour
 22016 | Gauntlet | Noticed a bunyip
 22024 | Gauntlet | Noticed a spark wasp
 22024 | Gauntlet | a bunyip changed into a spark wasp
 22047 | Gauntlet | Noticed a spark wasp
 22047 | Gauntlet | a goliath frog changed into a spark wasp
 22053 | Gauntlet | Identified the -5 cloak "Taucweip" {rPois Regen+}
 22061 | Gauntlet | a spark wasp changed into an ice dragon
 22360 | Gauntlet | Identified the +5 broad axe of Dishonesty {vamp, *Corrode
                  | +Blink rN+ SInv}
 22360 | Gauntlet | Identified the +6 arbalest of Intimidation {flame, rElec
                  | Str+3 Dex+3}
 22360 | Gauntlet | Identified the +13 pearl dragon scales of Immorality {Fly
                  | rN+ rCorr Str+4}
 22360 | Gauntlet | Noticed a minotaur
 22378 | Gauntlet | Killed a minotaur
 23550 | Lair:6   | Entered Level 6 of the Lair of Beasts
 24062 | Lair:6   | Reached skill level 5 in Evocations
 24115 | Lair:6   | Reached XP level 15. HP: 101/117 MP: 23/23
 24625 | Lair:6   | Found a staircase to the Slime Pits.
 25336 | Lair:6   | Identified the +2 robe of Kuigheg {rC- Dex+4 Archmagi}
 25876 | Orc:1    | Entered Level 1 of the Orcish Mines
 26107 | Orc:2    | Entered Level 2 of the Orcish Mines
 26108 | Orc:2    | Found Gymniss's Mass Market.
 26179 | Orc:2    | Noticed Sonja
 26184 | Orc:2    | Killed Sonja
 26310 | Orc:2    | Found Fyuxex's Distillery.
 26366 | Orc:2    | Found a staircase to the Elven Halls.
 26444 | Orc:2    | Found Jijaqoog's Weapon Shop.
 26695 | Orc:2    | Found Feakar's Antique Weapon Shop.
 27157 | Orc:2    | Found Batz's Antique Armour Emporium.
 27191 | Orc:2    | Found Zytauzia's Antique Weapon Shoppe.
 27234 | Orc:2    | Noticed an orc warlord
 27255 | Orc:2    | Killed an orc warlord
 27931 | D:12     | Identified the ring of the Falcon {+Blink rN+ rCorr}
 29121 | D:12     | Reached XP level 16. HP: 92/127 MP: 25/25
 29821 | D:13     | Found a frozen archway.
 29848 | IceCv    | Entered an ice cave
 30263 | IceCv    | Identified the +7 falchion "Undertaker" {vorpal, rF++ rC+
                  | Dex-2}
 30552 | D:13     | Found a runed translucent door.
 31738 | D:14     | Found a gate to the Vaults.
 31991 | D:15     | Entered Level 15 of the Dungeon
 32628 | D:15     | Found a staircase to the Depths.
 32956 | D:15     | Upgraded the game from 0.28-a0-1510-gd0f6b136d3 to
                  | 0.28-a0-1518-gbe868bca14
 33197 | Swamp:1  | Entered Level 1 of the Swamp
 33208 | Swamp:1  | Reached skill level 1 in Ice Magic
 33285 | Swamp:1  | Reached skill level 15 in Shields
 33304 | Swamp:1  | Reached XP level 17. HP: 109/138 MP: 26/26
 33967 | Swamp:2  | Reached skill level 15 in Armour
 33994 | Swamp:2  | HP: 6/140 [shambling mangrove (17)]
 34139 | Swamp:2  | Noticed a thorn hunter
 34439 | Swamp:2  | Killed a thorn hunter
 34467 | Swamp:2  | Found a one-way gate to the infinite horrors of the Abyss.
 34467 | Swamp:2  | Noticed a tentacled monstrosity
 34467 | Swamp:2  | Noticed Jiad Xun's ghost (adept MiBe)
 34469 | Swamp:2  | Found a transporter.
 34525 | Swamp:2  | Found a transporter.
 35067 | Swamp:2  | Killed a tentacled monstrosity
 35068 | Swamp:2  | Reached skill level 15 in Fighting
 35095 | Swamp:2  | Killed Jiad Xun's ghost
 35165 | Swamp:2  | Gained mutation: You are weak. (Str -2) [a cacodemon]
 35288 | Swamp:2  | Identified the +3 hand axe "Ultimatum" {flame, Stlth+}
 35456 | Swamp:3  | Found a transporter.
 35461 | Swamp:3  | Found a transporter.
 35464 | Swamp:3  | Noticed Qigyir's ghost (journeyman HOMo)
 35951 | Swamp:3  | Identified a scroll of acquirement
 35966 | Swamp:3  | Acquired a manual of Slings
 36021 | Swamp:3  | Killed Qigyir's ghost
 36057 | Swamp:3  | Identified the +6 chain mail of the Shoals {rElec rPois}
 36240 | Swamp:4  | Entered Level 4 of the Swamp
 36240 | Swamp:4  | Noticed Donald
 36250 | Swamp:4  | Killed Donald
 36402 | Swamp:4  | Reached XP level 18. HP: 145/149 MP: 27/27
 37045 | Swamp:4  | Reached skill level 5 in Slings
 37594 | Swamp:4  | Got a decaying rune of Zot
 38090 | Spider:1 | Entered Level 1 of the Spider Nest
 38414 | Orc:2    | Bought a potion of curing for 36 gold pieces
 38414 | Orc:2    | Bought 2 potions of curing for 72 gold pieces
 38414 | Orc:2    | Bought a potion of curing for 36 gold pieces
 38414 | Orc:2    | Bought a potion of curing for 36 gold pieces
 39529 | Spider:1 | Noticed Nikola
 39537 | Spider:1 | Killed Nikola
 40821 | Spider:2 | Upgraded the game from 0.28-a0-1518-gbe868bca14 to
                  | 0.28-a0-1545-g945cd3f27e
 40942 | Spider:2 | Noticed Arachne
 40967 | Spider:2 | Killed Arachne
 41848 | Spider:3 | Reached XP level 19. HP: 125/155 MP: 28/28
 42751 | Spider:4 | Entered Level 4 of the Spider Nest
 43437 | Spider:4 | Identified the +5 scimitar of Awkwardness {venom, Int+6}
 44159 | Spider:4 | Got a gossamer rune of Zot
 44699 | Vaults:1 | Entered Level 1 of the Vaults
 44817 | Vaults:1 | Reached XP level 20. HP: 137/162 MP: 30/30
 45911 | Vaults:1 | Identified the +1 pair of gloves of Xunagopn {+Blink rC+}
 46030 | Vaults:1 | Upgraded the game from 0.28-a0-1545-g945cd3f27e to
                  | 0.28-a0-1560-g060a6a1bfc
 46491 | Vaults:2 | Reached skill level 15 in Invocations
 47078 | Vaults:2 | Noticed a bone dragon
 47089 | Vaults:2 | Killed a bone dragon
 47771 | Vaults:2 | Killed from afar by an ironbound thunderhulk

Illustrated notes

Levels and vault maps discovered:
D:1:      minmay_arrival_stone_box, layout_basic, st_stairs_4,
          hangedman_glass_teeth, minmay_tromino_mix6
D:2:      layout_basic, shapermc_ecumenical_altar_starsandcircs, uniq_robin,
          uniq_natasha
D:3:      minmay_general_purpose_star, layout_loops_ring,
          minmay_tree_intersection, grunt_ministairs_10
D:4:      layout_basic, mainiacjoe_overflow_surrounded_room,
          minmay_temple_entry_statues_fountains, serial_shops, shop,
          kennysheep_cluttered_room, minmay_snake_closets
D:5:      layout_loops_cross, uniq_crazy_yiuf_cottage, uniq_menkaure
D:6:      layout_basic, ebering_ghost_sewer_d
D:7:      layout_loops_ring, nicolae_ossuary_entry_plus
D:8:      gammafunk_wand_slinger, layout_loops_ring,
          grunt_lair_entry_orc_guard_hut, uniq_harold
D:9:      layout_loops_corners
D:10:     layout_basic, minmay_crystal_water, hangedman_ranch
D:11:     layout_basic, orc_0_dummy, serial_shops, nicolae_shop_hallway_plus,
          kennysheep_small_spiral
D:12:     minmay_swirls_squares, layout_rooms
D:13:     layout_long_grid, portal_ice_cave_entry_ice_simulacra,
          lightli_church_of_beogh
D:14:     layout_cave_pools, david_vaults_4, minmay_holes, st_stairs_13
D:15:     grunt_enter_depths_hoard, layout_cave_pools, corexii_leaking_fountain
Temple:   nicolae_temple_the_god_donut
Lair:1:   layout_cave_pods, serial_forest, infiniplex_forest_lined_3,
          infiniplex_forest_fountain, infiniplex_forest_straight_4,
          infiniplex_forest_straight_1, infiniplex_forest_clump_diagonal,
          infiniplex_forest_lined_room_3, infiniplex_forest_fountain,
          infiniplex_forest_lined_4_way, infiniplex_forest_split
Lair:2:   layout_chaotic_city, nicolae_swamp_entry_splash_gauntlet,
          spider_nest_entry_webs, minivault_27
Lair:3:   layout_regular_city, serial_forest, infiniplex_forest_clump_long,
          infiniplex_forest_side_room, infiniplex_forest_clump_medium,
          infiniplex_forest_end_2, infiniplex_forest_clump_tiny,
          infiniplex_forest_lined_corner, infiniplex_forest_split,
          infiniplex_forest_pool, chequers_serial_rivers_room_b, ice2_lemuel
Lair:4:   layout_long_grid
Lair:5:   layout_cave_pods, special_room [special_room_bee],
          gauntlet_entry_generic, grunt_megastairs_3, lemuel_fruit_fields
Lair:6:   minmay_lair_end_enchanted_forest, layout_gridlike,
          minmay_slime_entry_oklob_enclosed, serial_bayou_shore_b,
          serial_bayou_shore_a
Swamp:1:  layout_basic_swamp, evilmike_swamp_ruin_wall
Swamp:2:  layout_basic_swamp, gammafunk_ghost_abyssal_escape,
          evilmike_swamp_ruin_house_1, swamp_pool3
Swamp:3:  layout_basic_swamp, gammafunk_ghost_mausoleum,
          hangedman_swamp_ruin_wall
Swamp:4:  swamp_icy, layout_basic_swamp, infiniplex_staircase_pool_2,
          uniq_donald
Spider:1: layout_chambers, hangedman_spider_tarantella_strand, uniq_nikola
Spider:2: layout_spider_delve, uniq_arachne
Spider:3: layout_spider_delve
Spider:4: grunt_spider_rune_circles
Orc:1:    layout_caves
Orc:2:    grunt_orc_community_town_hall, layout_diamond_mine,
          grunt_orc_community_big_house_1, grunt_orc_community_big_house_2,
          grunt_orc_community_house_1, grunt_orc_community_house_2,
          grunt_orc_community_house_1, grunt_orc_community_house_2, basic_altar,
          serial_shops, nicolae_shop_bloodbath_and_beyond, minmay_shop_mass,
          uniq_sonja
Vaults:1: v_rooms_4, hangedman_vaults_corner_blocks, v_pattern_5,
          v_alt_pattern_4, nicolae_vaults_ring_of_whatevers,
          ontoclasm_vaults_bender, vaults_dpeg_diagonal,
          vaults_room_stairs_pillars, nicolae_vaults_sealed_display,
          nicolae_vaults_twisting_passages, layout_vaults_maze
Vaults:2: minmay_crypt_entry_nasty_monster, hangedman_vaults_trim, v_misc_30,
          nicolae_vaults_network_s, nicolae_vaults_border_crossing, v_pattern_4,
          hangedman_vaults_pinch, ontoclasm_vaults_pinch, grunt_vaults_diagonal,
          layout_vaults_big_room

Skill      XL: |  1  2  3  4  5  6  7  8  9 10 11 12 13 14 15 16 17 18 19 20 |
---------------+-------------------------------------------------------------+-----
Shields        | 4 5 7 9 10 11 13 15 17 18 20 | 20.3
Fighting       | 4 5 7 8 10 12 13 15 16 | 16.4
Staves         | 3 |  3.7
Maces & Flails | 3 5 7 8 11 14 15 | 15.8
Slings         | 1 4 5 |  5.0
Dodging        | 1 |  1.0
Invocations    | 2 5 8 10 11 12 14 15 | 15.5
Evocations     | 1 2 3 5 6 |  6.0
Armour         | 5 9 10 13 14 15 17 19 20 | 20.2
Ice Magic      | 1 2 |  2.0

Action                   |  1- 3 |  4- 6 |  7- 9 | 10-12 | 13-15 | 16-18 | 19-21 || total
-------------------------+-------+-------+-------+-------+-------+-------+-------++-------
Melee: Quarterstaff      |    77 |   115 |       |       |       |       |       ||   192
       Morningstar       |       |    99 |   313 |   432 |  1087 |   164 |       ||  2095
       Eveningstar       |       |       |       |       |       |   894 |   577 ||  1471
Invok: Divine Shield     |       |       |     1 |     9 |    13 |    15 |     3 ||    41
       Cleansing Flame   |       |       |       |     4 |     2 |     8 |    19 ||    33
       Summon Divine War |       |       |       |     1 |     1 |    10 |    10 ||    22
 Abil: Dig               |       |       |       |     2 |     6 |     1 |     2 ||    11
Evoke: Wand              |       |       |       |     7 |       |       |       ||     7
       Tin of tremorston |       |       |       |       |     3 |       |       ||     3
  Use: Scroll            |       |     6 |     8 |    12 |     6 |     8 |     1 ||    41
       Potion            |       |       |       |     2 |     2 |    11 |     1 ||    16
Armor: Scale mail        |    58 |    74 |       |       |       |       |       ||   132
       Leather armour    |       |     4 |    41 |       |       |       |       ||    45
       Plate armour      |       |       |    79 |   172 |    99 |       |       ||   350
       Pearl dragon scal |       |       |       |       |   402 |   608 |   241 ||  1251
Dodge: Dodged            |    45 |    74 |    73 |    47 |   278 |   259 |   123 ||   899
Block: Buckler           |    31 |    25 |       |       |       |       |       ||    56
       Tower shield      |       |    71 |   240 |   355 |  1008 |  1259 |   658 ||  3591
       Kite shield       |       |       |       |       |       |    39 |       ||    39

Table legend: (Time is in decaauts)
 A = Elapsed time spent in this place.
 B = Non-inter-level travel time spent in this place.
 C = Inter-level travel time spent in this place.
 D = Time resting spent in this place.
 E = Time spent auto-exploring this place.
 F = Levels seen in this place.
 G = Mean time per level.
                   A        B        C        D        E       F      G
               +--------+--------+--------+--------+--------+-----+--------+
         Total |  47748 |  44767 |   2981 |   8362 |  25634 |  37 | 1290.5 |
       Dungeon |  19693 |  17795 |   1898 |   3334 |  10537 |  15 | 1312.9 |
        Temple |    320 |    320 |      0 |      0 |    231 |   1 |  320.0 |
          Lair |   9756 |   9175 |    581 |    909 |   6639 |   6 | 1626.0 |
         Swamp |   4594 |   4412 |    182 |    703 |   2418 |   4 | 1148.5 |
   Spider Nest |   5838 |   5712 |    126 |   1459 |   2758 |   4 | 1459.5 |
  Orcish Mines |   1824 |   1667 |    157 |    154 |   1151 |   2 |  912.0 |
        Vaults |   3002 |   2968 |     34 |    873 |   1132 |   2 | 1501.0 |
       Ossuary |    414 |    414 |      0 |    109 |    100 |   1 |  414.0 |
      Ice Cave |    619 |    619 |      0 |      0 |    300 |   1 |  619.0 |
      Gauntlet |   1683 |   1683 |      0 |    821 |    367 |   1 | 1683.0 |
               +--------+--------+--------+--------+--------+-----+--------+

Top non-repeatable levels by time:
  Lair:6: 2106 daAuts
    D:10: 2076 daAuts
  Lair:2: 1862 daAuts
    D:12: 1856 daAuts
Spider:1: 1731 daAuts
Vaults:1: 1724 daAuts
Gauntlet: 1683 daAuts
    D:11: 1638 daAuts
Spider:4: 1619 daAuts
   Orc:2: 1576 daAuts
     D:4: 1562 daAuts
  Lair:3: 1557 daAuts
  Lair:4: 1530 daAuts
 Swamp:4: 1530 daAuts
     D:9: 1529 daAuts
